Map: Cerulean Fall LE

Players

Lambo - Winner!

  • Race: Zerg Zerg
  • League: Master
  • Spawn Location: 7:00

SortOf

  • Race: Zerg Zerg
  • League: Master
  • Spawn Location: 1:00

Event: HomeStory Cup XVIII

VOD

Have the link to the VOD?

Description

Time

  • Played on: Nov. 23, 2018, 3:16 p.m.
  • Length: 25:30

All games in this series

Show
View Real Time Build Order
Export as new Build Order

Lambo Zerg - Winner!

Build Orders: Hatch First, Lurkers 

Get SALT Encoding   

  12  0:00  Drone  
  13  0:12  Overlord  
  13  0:17  Drone  
  14  0:30  Drone x2  
  16  0:49  Hatchery  
  15  0:51  Drone  
  15  0:55  Drone  
  17  0:58  Drone  
  18  1:08  Extractor  
  17  1:13  Spawning Pool  
  17  1:17  Drone  
  17  1:20  Drone  
  18  1:27  Drone  
  19  1:38  Drone  
  20  1:50  Drone  
  21  2:00  Queen x2  
  25  2:01  Drone  
  25  2:03  Overlord  
  26  2:09  Metabolic Boost  
  26  2:10  Drone  
  26  2:12  Drone  
  28  2:23  Drone x2  
  30  2:35  Hatchery  
  29  2:38  Drone  
  29  2:39  Drone  
  31  2:45  Baneling Nest  
  31  2:46  Drone  
  32  2:51  Drone  
  32  2:54  Overlord  
  32  2:55  Zergling x2  
  33  3:05  Drone  
  34  3:07  Zergling x4  
  34  3:12  Overlord  
  36  3:13  Drone x3  
  36  3:17  Zergling x2  
  40  3:20  Queen  
  40  3:23  Drone  
  43  3:28  Drone  
  43  3:32  Drone  
  43  3:33  Drone  
  46  3:34  Evolution Chamber  
  46  3:38  Drone x2  
  46  3:40  Drone  
  46  3:41  Drone  
  49  3:43  Drone  
  49  3:47  Drone  
  51  3:50  Drone x2  
  51  3:52  Overlord  
  51  3:54  Drone  
  55  3:55  Drone  
  55  3:57  Drone  
  55  4:00  Zerg Missile Weapons Level 1  
  55  4:02  Extractor  
  55  4:03  Extractor, Drone  
  55  4:06  Drone  
  55  4:08  Drone  
  57  4:14  Overlord  
  57  4:15  Drone x3  
  57  4:16  Lair  
  59  4:21  Drone, Roach Warren  
  59  4:23  Drone  
  60  4:25  Drone  
  60  4:29  Overlord  
  60  4:30  Extractor  
  60  4:31  Drone x2  
  60  4:32  Drone  
  60  4:35  Overlord  
  63  4:39  Drone  
  63  4:41  Drone x3  
  63  4:42  Drone  
  63  4:45  Overlord  
  68  4:48  Drone x3  
  68  4:50  Drone  
  68  4:52  Extractor, Drone  
  72  4:53  Extractor  
  72  4:55  Drone  
  72  4:59  Drone  
  74  5:00  Drone x2  
  74  5:03  Pneumatized Carapace  
  74  5:06  Roach  
  75  5:10  Drone  
  75  5:11  Drone  
  77  5:15  Overseer x2  
  77  5:17  Overlord  
  77  5:18  Hatchery  
  76  5:21  Overlord  
  76  5:24  Evolution Chamber  
  76  5:25  Glial Reconstitution  
  76  5:28  Roach x2  
  79  5:31  Baneling x4  
  79  5:33  Overlord  
  79  5:36  Overlord  
  79  5:37  Drone  
  79  5:39  Roach  
  79  5:41  Overlord  
  82  5:47  Overlord  
  82  5:48  Overlord x2  
  82  5:49  Roach  
  84  5:53  Roach x2  
  84  5:57  Drone x3  
  84  5:59  Roach  
  84  6:00  Roach  
  84  6:02  Drone  
  84  6:03  Ravager  
  84  6:04  Ravager x2  
  95  6:11  Zerg Missile Weapons Level 2  
  95  6:12  Zerg Ground Armor Level 1  
  95  6:13  Drone  
  95  6:15  Roach x2  
  95  6:16  Ravager  
  101  6:21  Roach x3  
  107  6:27  Roach x3  
  107  6:29  Ravager  
  114  6:33  Roach x3  
  114  6:34  Roach  
  122  6:42  Roach x2  
  122  6:43  Roach x3  
  122  6:45  Tunneling Claws  
  132  6:53  Burrow, Roach  
  132  6:54  Roach x2  
  138  6:58  Roach x3  
  144  7:02  Roach x3  
  144  7:06  Overlord  
  144  7:08  Overlord  
  150  7:09  Overlord  
  150  7:11  Roach  
  150  7:14  Overlord  
  152  7:16  Overlord  
  152  7:21  Overlord  
  150  7:29  Roach x7  
  162  7:32  Roach x2  
  162  7:34  Ravager x2  
  162  7:35  Roach  
  172  7:37  Roach  
  172  7:40  Ravager x2  
  172  7:41  Roach  
  180  7:44  Roach x2  
  180  7:49  Roach x3  
  186  7:56  Roach x5  
  194  7:59  Roach x26  
  194  8:00  Roach x3  
  194  8:02  Roach x3  
  200  8:09  Roach  
  200  8:14  Overlord  
  200  8:21  Overlord  
  200  8:23  Overlord  
  200  8:30  Roach x3  
  194  8:36  Roach x4  
  194  8:40  Roach x25  
  179  8:41  Roach  
  179  8:45  Roach x6  
  168  8:48  Roach  
  168  8:50  Roach  
  168  8:51  Roach  
  169  8:57  Roach x2  
  177  9:02  Roach  
  177  9:03  Roach x10  
  177  9:04  Ravager x3  
  177  9:06  Roach  
  177  9:07  Roach  
  184  9:11  Overseer  
  184  9:12  Roach x2  
  188  9:23  Roach  
  188  9:24  Roach x5  
  200  9:30  Roach  
  198  9:33  Overlord  
  194  9:39  Roach x19  
  194  9:40  Roach x3  
  198  9:46  Overlord  
  198  9:47  Overlord  
  198  9:48  Hydralisk Den  
  198  9:50  Roach x4  
  199  9:54  Hatchery  
  199  9:56  Roach  
  200  10:11  Roach x2  
  196  10:23  Roach x3  
  196  10:24  Roach x3  
  196  10:26  Overlord  
  197  10:31  Roach  
  195  10:36  Extractor  
  195  10:37  Lurker Den  
  195  10:38  Extractor  
  195  10:42  Roach x14  
  200  10:45  Roach x8  
  200  10:48  Roach  
  200  10:49  Roach x3  
  172  10:53  Roach x2  
  172  10:55  Roach  
  168  11:05  Roach x6  
  178  11:13  Hydralisk x3  
  168  11:19  Hydralisk x5  
  158  11:27  Ravager  
  158  11:28  Ravager x2, Roach x7  
  158  11:31  Roach  
  177  11:35  Roach x3  
  177  11:37  Roach  
  183  11:42  Roach x5  
  183  11:43  Roach x20  
  183  11:46  Roach x2  
  199  11:57  Overlord  
  199  12:03  Overlord  
  199  12:04  Lurker  
  199  12:05  Overlord  
  199  12:08  Lurker x4  
  200  12:21  Overseer  
  200  12:24  Hatchery  
  197  12:36  Overlord  
  195  12:42  Roach x2  
  197  12:50  Roach x9  
  199  12:57  Infestation Pit  
  199  12:58  Overseer  
  196  13:00  Roach x22  
  200  13:05  Roach x3  
  200  13:06  Roach x24  
  200  13:11  Roach x2  
  199  13:17  Roach x4  
  200  13:22  Grooved Spines  
  200  13:24  Roach x21  
  200  13:33  Roach x2  
  197  13:38  Hive  
  197  13:39  Zerg Ground Armor Level 2  
  197  13:45  Ravager  
  197  13:46  Ravager  
  199  13:57  Overlord  
  196  14:05  Hydralisk x2  
  194  14:17  Roach x7  
  194  14:18  Roach x4  
  194  14:22  Roach x6  
  193  14:26  Hydralisk, Roach x5  
  197  14:33  Muscular Augments  
  197  14:34  Overseer  
  197  14:36  Roach x11  
  193  14:39  Overseer  
  193  14:43  Drone x7  
  198  14:54  Hydralisk  
  200  15:02  Zerg Missile Weapons Level 3, Roach x20  
  200  15:05  Spine Crawler  
  199  15:07  Overlord  
  199  15:17  Overlord  
  199  15:19  Roach x19  
  199  15:22  Overlord  
  199  15:23  Overseer  
  199  15:24  Overseer  
  197  15:31  Overseer, Roach x16  
  197  15:32  Overseer  
  189  15:50  Extractor x2  
  189  15:54  Roach x12  
  187  16:00  Adaptive Talons  
  187  16:03  Viper x4  
  179  16:19  Hydralisk x3  
  179  16:20  Hydralisk x10, Roach x8  
  179  16:22  Roach x15  
  183  16:41  Hydralisk x2  
  183  16:42  Hydralisk x4  
  183  16:45  Hatchery  
  194  16:47  Hydralisk x3  
  200  16:57  Overlord  
  200  16:58  Hatchery  
  197  17:03  Hydralisk x3  
  197  17:07  Overlord  
  195  17:10  Hydralisk x3  
  199  17:26  Hydralisk x3  
  199  17:27  Hydralisk x2  
  196  17:30  Overseer x2  
  196  17:35  Hydralisk  
  196  17:36  Hydralisk x2  
  196  17:37  Hydralisk x4  
  188  17:39  Overseer  
  188  17:42  Roach x13  
  188  17:43  Hydralisk  
  196  17:46  Lurker  
  195  17:51  Lurker  
  195  17:52  Overseer, Lurker  
  199  17:58  Lurker x2  
  199  18:06  Hydralisk  
  187  18:20  Hydralisk x3  
  193  18:29  Viper x3  
  188  18:35  Hydralisk x2  
  188  18:40  Hydralisk  
  186  18:46  Hydralisk x2  
  184  18:54  Overlord  
  181  18:58  Viper x2  
  181  18:59  Viper  
  181  19:02  Viper  
  177  19:11  Viper  
  177  19:16  Hydralisk x2  
  178  19:30  Hydralisk x4  
  169  19:46  Hydralisk x2, Hatchery  
  169  19:47  Hydralisk  
  169  19:52  Overseer x4  
  172  20:15  Roach x8  
  188  20:25  Hatchery  
  188  20:26  Lurker  
  186  20:28  Roach  
  186  20:29  Roach  
  185  20:49  Roach x2, Lurker  
  164  20:58  Hydralisk x2  
  154  21:04  Hydralisk  
  130  21:14  Hydralisk  
  118  21:21  Roach x2  
  118  21:22  Extractor x2  
  120  21:28  Roach  
  120  21:29  Drone x2, Roach  
  120  21:30  Drone  
  127  21:36  Hatchery  
  126  21:42  Roach x3  
  129  21:48  Roach  
  130  21:59  Roach x3  
  134  22:12  Roach x5  
  118  22:17  Roach  
  118  22:20  Roach  
  119  22:26  Roach x6  
  117  22:31  Hydralisk  
  112  22:40  Roach x2  
  110  22:47  Roach  
  112  22:53  Roach  
  112  22:54  Overseer x3  
  110  23:00  Hydralisk  
  108  23:12  Roach x3  
  110  23:19  Roach x2  
  114  23:25  Roach  
  101  23:28  Roach  
  101  23:33  Roach  
  99  23:36  Roach x10  
  99  23:38  Roach  
  101  23:45  Roach  
  101  23:46  Roach  
  101  23:48  Drone x4  
  108  23:49  Drone  
  110  23:57  Roach x2  
  114  24:05  Roach x2  
  120  24:10  Roach  
  120  24:19  Hydralisk  
  120  24:20  Roach  
  120  24:21  Roach x3  
  121  24:29  Overlord  
  121  24:30  Roach x3  
  119  24:42  Roach  
  109  25:03  Hatchery  
Show
View Real Time Build Order
Export as new Build Order

SortOf Zerg 

Build Orders: Hatch First, Lurkers 

Get SALT Encoding   

  12  0:00  Drone  
  13  0:12  Overlord  
  13  0:17  Drone  
  14  0:31  Drone x2  
  16  0:49  Hatchery  
  15  0:52  Drone  
  15  0:55  Drone  
  17  0:59  Drone  
  18  1:11  Extractor  
  17  1:15  Spawning Pool  
  17  1:17  Drone  
  17  1:21  Drone  
  18  1:27  Drone  
  19  1:38  Drone  
  20  1:49  Overlord  
  20  2:02  Queen x2  
  20  2:05  Drone x2  
  26  2:11  Metabolic Boost  
  26  2:12  Drone x2  
  28  2:23  Drone x2  
  30  2:34  Hatchery  
  30  2:36  Drone  
  30  2:38  Zergling x2  
  31  2:44  Drone  
  31  2:49  Baneling Nest  
  31  2:50  Overlord  
  31  2:54  Drone  
  31  2:55  Drone  
  33  3:02  Queen  
  33  3:04  Zergling x2  
  36  3:11  Drone  
  36  3:12  Drone x2  
  39  3:13  Drone  
  39  3:17  Overlord  
  39  3:19  Drone  
  41  3:23  Zergling x4  
  41  3:26  Drone  
  44  3:29  Evolution Chamber  
  43  3:38  Baneling x2  
  43  3:39  Drone x2  
  43  3:40  Drone  
  45  3:46  Drone x2  
  45  3:48  Drone  
  48  3:50  Drone x2  
  48  3:51  Overlord  
  48  3:53  Extractor  
  48  3:55  Zergling x4  
  51  3:58  Drone x2  
  51  4:01  Zerg Missile Weapons Level 1  
  53  4:08  Roach Warren  
  52  4:10  Drone x3  
  52  4:13  Drone x2  
  52  4:14  Baneling  
  56  4:19  Drone  
  56  4:20  Extractor, Drone  
  56  4:22  Drone x3  
  59  4:26  Overlord  
  59  4:31  Overlord, Drone  
  59  4:36  Zergling x4  
  62  4:40  Drone x2, Lair  
  62  4:43  Overlord  
  64  4:47  Drone x2  
  64  4:50  Drone x3  
  64  4:52  Drone  
  70  4:55  Extractor, Drone x2  
  70  4:56  Extractor, Drone  
  71  5:03  Drone x2  
  71  5:06  Drone  
  71  5:07  Drone x3  
  76  5:15  Hatchery  
  76  5:18  Roach x3  
  76  5:20  Overlord  
  81  5:25  Overlord  
  81  5:26  Drone x4  
  85  5:30  Roach  
  85  5:31  Roach  
  85  5:32  Extractor  
  85  5:35  Overlord  
  88  5:36  Pneumatized Carapace  
  88  5:38  Glial Reconstitution  
  88  5:39  Overseer  
  88  5:41  Overlord  
  88  5:43  Roach x2  
  92  5:50  Overlord  
  92  5:51  Roach x3  
  92  5:52  Overlord  
  97  5:59  Evolution Chamber  
  97  6:00  Roach x3  
  102  6:04  Overlord  
  102  6:08  Zerg Missile Weapons Level 2  
  102  6:11  Roach x3  
  108  6:15  Drone  
  108  6:16  Drone  
  108  6:18  Drone  
  111  6:19  Spore Crawler  
  111  6:21  Roach x2, Spore Crawler  
  110  6:28  Roach x2  
  110  6:29  Roach x3  
  110  6:31  Ravager x3  
  110  6:32  Ravager  
  124  6:36  Overlord  
  124  6:37  Overlord  
  124  6:40  Zerg Ground Armor Level 1  
  124  6:42  Overlord  
  124  6:44  Roach x2  
  124  6:45  Overseer  
  128  6:50  Roach x3  
  134  6:55  Overlord  
  134  6:59  Roach x5  
  144  7:06  Overlord  
  144  7:08  Roach x4  
  152  7:09  Overlord  
  152  7:14  Hydralisk Den  
  152  7:15  Ravager x2  
  153  7:20  Roach  
  153  7:21  Roach x3  
  153  7:22  Overlord  
  161  7:28  Drone  
  161  7:29  Drone x4  
  159  7:34  Drone x4  
  162  7:37  Overlord  
  162  7:41  Ravager x2  
  162  7:42  Roach  
  166  7:47  Extractor  
  165  7:51  Roach x3  
  165  7:52  Roach x2  
  165  7:58  Ravager  
  174  8:04  Roach x6  
  181  8:05  Overseer x2  
  181  8:12  Roach x3  
  182  8:31  Roach x12  
  174  8:42  Roach x5  
  163  8:49  Roach x2  
  163  8:54  Spine Crawler  
  164  9:01  Overseer  
  164  9:02  Drone x6  
  170  9:07  Lurker Den  
  169  9:13  Ravager x2, Spine Crawler  
  169  9:15  Roach x5  
  180  9:23  Spine Crawler  
  177  9:30  Roach x7  
  191  9:34  Overseer x2  
  191  9:38  Spine Crawler  
  191  9:41  Drone x2  
  191  9:44  Muscular Augments  
  190  9:56  Overlord  
  190  10:00  Infestation Pit  
  190  10:04  Spine Crawler  
  190  10:05  Spine Crawler  
  188  10:07  Drone x4  
  188  10:09  Overlord  
  186  10:19  Roach x7  
  191  10:29  Roach x4  
  191  10:32  Queen, Drone  
  198  10:42  Roach x8  
  179  10:55  Ravager x8  
  179  10:56  Grooved Spines, Roach x4  
  192  11:01  Roach x3  
  190  11:21  Hydralisk x6  
  198  11:30  Spine Crawler  
  197  11:33  Hive, Spine Crawler  
  194  11:40  Spine Crawler  
  194  11:43  Hydralisk x3  
  197  12:10  Lurker  
  197  12:11  Overlord  
  198  12:19  Overlord  
  198  12:23  Lurker x2  
  198  12:28  Extractor  
  197  12:30  Spore Crawler  
  197  12:32  Hydralisk x3  
  197  12:33  Hydralisk  
  200  12:37  Spore Crawler  
  200  12:38  Spore Crawler  
  196  12:45  Hatchery  
  181  12:54  Hatchery  
  181  12:55  Roach x5  
  181  12:56  Ravager x3  
  189  13:00  Roach x6  
  193  13:06  Hydralisk x2  
  173  13:19  Roach x5  
  183  13:24  Lurker x3  
  186  13:33  Viper x3  
  195  13:39  Drone  
  195  13:40  Drone x2  
  198  13:44  Drone x2  
  200  13:51  Zerg Missile Weapons Level 3  
  192  14:06  Hydralisk x5  
  192  14:23  Hydralisk x5  
  176  14:34  Roach x3  
  156  14:41  Roach x2  
  156  14:42  Roach x3  
  156  14:45  Drone x2  
  158  14:54  Adaptive Talons  
  158  14:58  Drone x2  
  160  15:04  Lurker  
  160  15:05  Lurker x4  
  162  15:21  Hydralisk  
  162  15:22  Hydralisk x6  
  174  15:37  Roach x4  
  174  15:38  Roach x4  
  187  15:51  Hydralisk x5  
  187  16:06  Hydralisk x5  
  187  16:10  Lurker x3  
  194  16:25  Roach x7  
  198  16:30  Roach  
  189  16:56  Hydralisk x8  
  200  17:08  Lurker x2  
  193  17:11  Hydralisk x3  
  197  17:28  Roach x4  
  199  17:34  Roach x5  
  200  17:41  Viper  
  199  17:54  Lurker  
  200  17:59  Hatchery  
  199  18:08  Hatchery  
  199  18:10  Hydralisk  
  200  18:13  Overlord  
  200  18:19  Roach x6  
  199  18:23  Lurker  
  198  18:30  Viper x3  
  198  18:32  Viper  
  172  18:48  Roach x3  
  170  18:49  Roach  
  170  18:50  Roach x6  
  184  18:59  Roach x4  
  189  19:13  Roach x4  
  187  19:25  Ravager x2  
  183  19:31  Hydralisk x2  
  187  19:40  Hatchery  
  186  19:47  Hydralisk x3  
  186  19:51  Extractor  
  191  19:53  Extractor  
  190  20:07  Overlord  
  190  20:12  Overlord  
  190  20:13  Overlord  
  188  20:18  Overlord  
  188  20:19  Overlord  
  181  20:22  Overlord  
  181  20:23  Overlord x2  
  181  20:34  Viper  
  180  20:47  Hydralisk x4  
  143  21:06  Roach x5  
  135  21:12  Hydralisk  
  135  21:17  Roach  
  133  21:27  Roach x2  
  133  21:31  Extractor  
  133  21:32  Hatchery  
  135  21:33  Extractor, Roach x3  
  135  21:39  Overseer  
  140  21:44  Spine Crawler  
  140  21:45  Overseer  
  140  21:46  Hydralisk  
  141  21:59  Hydralisk x3  
  144  22:15  Roach x6  
  120  22:29  Roach x4  
  107  22:34  Roach  
  107  22:35  Roach  
  97  22:39  Roach  
  91  22:44  Roach  
  91  22:45  Roach  
  91  22:48  Roach  
  91  22:49  Ravager  
  91  22:50  Ravager  
  99  22:53  Roach  
  99  22:56  Roach  
  90  23:01  Roach x2  
  90  23:03  Roach  
  82  23:10  Roach  
  82  23:11  Roach  
  82  23:12  Ravager x2  
  77  23:15  Roach  
  74  23:25  Roach  
  74  23:26  Roach x2  
  68  23:27  Roach  
  68  23:30  Roach  
  68  23:33  Roach  
  62  23:39  Roach x2  
  62  23:55  Hydralisk  
  62  23:56  Hydralisk x2  
  62  23:57  Zergling x8  
  70  24:08  Zergling x8  
  72  24:31  Swarm Host x4  
Tags
 
Add a new tag
Caveats
  • Supply blocks, unpowered buildings, or Contaminate may cause inaccurate times.
  • Supply counts are checked every 10 seconds.